AoeStats
← AM | Popeyin

Enclosed

506677282Analyzed
1v1 RM · 19d ago on Sep 14, 2026· 29m 44s· 2 players
Game mode
Random Map
Map size
Tiny (2 player)
Population
200
Speed
Normal
Resources
Standard
Victory
Conquest
Starting age
Dark Age
Ending age
Imperial Age
RankedLock teamsTeams togetherTeam positionsShared explorationLock speedFull tech treeHidden civsTurbo modeCheats
Victory
Defeat
🇲🇽 Vikings · Mexico
1023
+16
🇲🇽 Poles · Mexico
1031
-16
ed_glezesc
1:45 Loom
1:57 Loom
9:18 Feudal Age
11:02 Double-Bit Axe
10:59 Horse Collar
13:46 Gold Mining
17:02 Scale Mail Armor
16:54 Town Watch
19:24 Castle Age
17:17 Arson
18:06 Man-at-Arms
18:58 Forging
19:54 Long Swordsman
20:52 Heavy Plow
21:14 Squires
21:06 Gambesons
22:24 Chain Mail Armor
24:29 Iron Casting
24:41 Bow Saw
AM | Popeyin
10:09 Loom
12:05 Feudal Age
13:58 Wheelbarrow
13:13 Double-Bit Axe
13:09 Horse Collar
13:26 Gold Mining
21:04 Castle Age
21:32 Scale Barding Armor
21:37 Forging
22:25 Bow Saw
22:25 Heavy Plow
22:48 Chain Barding Armor
22:44 Bloodlines
22:34 Husbandry
21:58 Light Cavalry
24:27 Iron Casting
28:44 Imperial Age
Connection lost

Rejoining the realm…

Still unreachable

The connection could not be restored.

Session expired

The server has moved on; the page needs a fresh start.